 Dungeon Crawl Stone Soup version 0.18-a0-1390-gc02854d (webtiles) character file.

3838 Kidiri the Magician (level 9, -1/51 HPs)
             Began as a Deep Elf Conjurer on Feb 23, 2016.
             Was a Believer of Vehumet.
             Slain by a hill giant
             ... wielding a +0 giant club
              (27 damage)
             ... on level 9 of the Dungeon.
             The game lasted 00:43:26 (11161 turns).

Kidiri the Magician (Deep Elf Conjurer)            Turns: 11161, Time: 00:43:26

Health: -1/51      AC: 11    Str:  5    XL:     9   Next: 98%
Magic:  3/22       EV: 17    Int: 24    God:    Vehumet [**....]
Gold:   545        SH:  6    Dex: 23    Spells: 8 memorised, 2 levels left

rFire  + + .     SeeInvis .     k - +3 rapier "Buaw" {holy, *Confuse rF++ Dex+8 Stlth-}
rCold  . . .     Gourm    .     i - +1 leather armour
rNeg   . . .     Faith    .     f - +0 buckler
rPois  .         Spirit   .     q - +0 helmet
rElec  .         Dismiss  .     y - +0 cloak
rCorr  .         Reflect  .     n - +0 pair of gloves
SustAt .         Harm     .     (no boots)
MR     .....                    (no amulet)
Stlth  ++........               D - ring of ice
                                v - ring of fire

@: not resistant to hostile enchantments, unstealthy
A: iridescent scales 1
a: Renounce Religion


You were on level 9 of the Dungeon.
You worshipped Vehumet.
Vehumet was pleased with you.
You were full.

You visited 2 branches of the dungeon, and saw 10 of its levels.

You collected 545 gold pieces.

Inventory:

Hand Weapons
 k - the +3 rapier "Buaw" (weapon) {holy, *Confuse rF++ Dex+8 Stlth-}
   (You found it on level 5 of the Dungeon)

   It has been blessed by the Shining One to cause great damage to the undead
   and demons.
   It affects your dexterity (+8).
   It greatly protects you from fire.
   It may confuse you when you take damage.
   It makes you less stealthy.
Armour
 e - a +1 shield
 f - a +0 buckler (worn)
 i - a +1 leather armour (worn)
 n - a +0 pair of gloves (worn)
 q - a +0 helmet (worn)
 y - a +0 cloak (worn)
Jewellery
 v - a ring of fire (left hand)
 D - a ring of ice (right hand)
Wands
 m - a wand of lightning (5/15)
 z - a wand of polymorph (14/24)
 A - a wand of heal wounds (4/9)
Scrolls
 a - 3 scrolls of teleportation
 d - 2 scrolls of amnesia
 p - a scroll of magic mapping
 s - 2 scrolls of fear
 B - a scroll of remove curse
 F - 2 scrolls of noise {unknown}
Potions
 b - a potion of invisibility {unknown}
 g - a potion of heal wounds
 h - 3 potions of curing
 j - 2 potions of brilliance
 l - 2 potions of agility
 o - 2 potions of might
 r - 2 potions of lignification
 u - a potion of resistance {unknown}
 w - 2 potions of ambrosia
 C - a potion of haste {unknown}
 E - a potion of mutation {unknown}
Comestibles
 c - 10 bread rations
 t - a meat ration
 x - 3 chunks of flesh


   Skills:
 + Level 3.2 Fighting
 + Level 3.3 Short Blades
 + Level 3.0 Armour
 * Level 7.2 Dodging
 + Level 5.8 Stealth
 + Level 3.0 Shields
 * Level 7.8 Spellcasting
 * Level 7.3 Conjurations
 + Level 4.4 Hexes
 + Level 3.9 Charms
 + Level 1.8 Fire Magic
 + Level 0.2 Earth Magic
 + Level 3.0 Evocations


You had 2 spell levels left.
You knew the following spells:

 Your Spells              Type           Power        Failure   Level  Hunger
a - Magic Dart            Conj           ####         1%          1    None
b - Searing Ray           Conj           #####.       1%          2    None
c - Dazzling Spray        Conj/Hex       #####...     3%          3    None
d - Iskenderun's Mystic   Conj           #####...     8%          4    ###....
e - Fulminant Prism       Conj/Hex       #####.....   12%         4    ###....
f - Iskenderun's Battles  Conj/Chrm      #####...     34%         5    #####..
g - Flame Tongue          Conj/Fire      ####.        1%          1    None
h - Sandblast             Erth           ##....       12%         1    None


Dungeon Overview and Level Annotations

Branches:
Dungeon (9/15)             Temple (1/1) D:5            Lair (0/8) D:9
    Orc: D:9-12

Altars:
Ashenzari
Cheibriados
Dithmenos
Elyvilon
Fedhas
Gozag
Kikubaaqudgha
Makhleb
Nemelex Xobeh
Okawaru
Pakellas
Qazlal
Ru
Sif Muna
Trog
Vehumet
Xom
Yredelemnul
Zin
The Shining One

Shops:
D:6 }


Innate Abilities, Weirdness & Mutations

You are partially covered in iridescent scales (AC +4).


Message History

Casting: Dazzling Spray
Confirm with . or Enter, or press ? or * to list all spells.
Aiming: Dazzling Spray
Press: ? - help, Shift-Dir - straight line, f/p - hill giant
Aim: a hill giant, wielding a giant club (moderately wounded)
The spray of energy hits the hill giant.
The hill giant is moderately wounded.
The hill giant closely misses you.
Unknown command.
Casting: Dazzling Spray
Confirm with . or Enter, or press ? or * to list all spells.
Aiming: Dazzling Spray
Press: ? - help, Shift-Dir - straight line, f/p - hill giant
Aim: a hill giant, wielding a giant club (moderately wounded)
The spray of energy hits the hill giant.
The hill giant is heavily wounded.
The hill giant is dazzled.
The hill giant hits you with a giant club!!
Ouch! That really hurt!
You die...

+..... #.... #...# ###...#
#.. #.....# #..
#.....#....#
#..#######.....#....#
#...........<..#<...# #
#####...........@..#....#
.#
.........#####..C..#....
..#
.....>......##.....#... ..
##..P...........÷#).###.#
#..P..P..PP....÷.##[#...#
##....P......P÷....).....#
#....P..P.P...P.....)....#
#%.P..####P..P.#...#####.#
##.....#>)#P.PP....>'...#
#


You could see a hill giant (blind).

Vanquished Creatures
  A wyvern (D:8)
  A spriggan (D:7)
  A yak (D:9)
  Eustachio (D:6)
  A hungry ghost (D:7)
  A hippogriff (D:8)
  2 ice beasts
  2 orc warriors (D:9)
  A sky beast (D:8)
  5 ogres
  A centaur (D:6)
  A big kobold (D:8)
  5 giant frogs
  A gnoll sergeant (D:8)
  A scorpion (D:5)
  A centaur zombie (D:6)
  2 crimson imps (D:5)
  2 jellies
  A quasit (D:4)
  4 orc priests
  Crazy Yiuf (D:3)
  3 hounds
  2 centaur skeletons
  2 giant frog skeletons
  3 iguanas
  5 orc wizards
  11 worker ants
  A killer bee zombie (D:6)
  2 hound skeletons
  Robin (D:2)
  11 adders
  10 gnolls
  5 river rats
  2 shadow imps
  2 oozes
  4 worms
  5 dart slugs
  7 giant geckos
  15 orcs
  6 giant cockroaches
  13 goblins
  7 hobgoblins
  11 jackals
  7 quokkas
  A ball python (D:1)
  15 bats
  5 giant newts
  19 kobolds
  23 rats
234 creatures vanquished.

Vanquished Creatures (others)
  5 fulminant prisms
  2 fungi (D:9)
7 creatures vanquished.

Grand Total: 241 creatures vanquished

Notes
Turn   | Place    | Note
--------------------------------------------------------------
     0 | D:1      | Kidiri the Deep Elf Conjurer began the quest for the Orb.
     0 | D:1      | Reached XP level 1. HP: 10/10 MP: 6/6
   172 | D:1      | Reached XP level 2. HP: 10/15 MP: 0/8
   176 | D:1      | Learned a level 2 spell: Searing Ray
   858 | D:1      | Reached XP level 3. HP: 20/20 MP: 6/9
   863 | D:1      | Learned a level 3 spell: Dazzling Spray
  1311 | D:2      | Found an iron altar of Okawaru.
  1826 | D:2      | Noticed Robin
  1836 | D:2      | Killed Robin
  1836 | D:2      | Reached skill level 1 in Armour
  1836 | D:2      | Reached skill level 5 in Conjurations
  1836 | D:2      | Reached XP level 4. HP: 22/24 MP: 2/11
  1848 | D:2      | Reached skill level 1 in Hexes
  2013 | D:2      | Learned a level 4 spell: Iskenderun's Mystic Blast
  2398 | D:3      | Found a faded altar to an unknown god.
  2623 | D:3      | Reached skill level 1 in Fighting
  2638 | D:3      | Reached skill level 1 in Shields
  2638 | D:3      | Reached XP level 5. HP: 2/29 MP: 0/12
  3157 | D:3      | Found a burning altar of Makhleb.
  3435 | D:3      | Reached XP level 6. HP: 19/34 MP: 0/14
  3708 | D:3      | Noticed Crazy Yiuf
  3733 | D:3      | Killed Crazy Yiuf
  4054 | D:4      | Reached skill level 1 in Short Blades
  5289 | D:5      | Entered Level 5 of the Dungeon
  5347 | D:5      | Found a staircase to the Ecumenical Temple.
  5352 | Temple   | Entered the Ecumenical Temple
  5696 | D:5      | Learned a level 4 spell: Fulminant Prism
  5839 | D:5      | Reached XP level 7. HP: 20/38 MP: 2/16
  6082 | D:5      | Reached skill level 5 in Spellcasting
  6194 | D:5      | Reached skill level 1 in Evocations
  6483 | D:5      | Found a radiant altar of Vehumet.
  6485 | D:5      | Found a glowing silver altar of Zin.
  6540 | D:5      | Got a brightly glowing rapier
  6560 | D:5      | Identified the +3 rapier "Buaw" {holy, *Confuse rF++ Dex+8 Stlth-} (You found it on level 5 of the Dungeon)
  6928 | D:6      | Found Poalafox's Gadget Shop.
  6947 | D:6      | Gained mutation: You are partially covered in iridescent scales (AC +4). [potion of beneficial mutation]
  7054 | D:6      | Noticed Eustachio
  7077 | D:6      | Killed Eustachio
  7077 | D:6      | Reached XP level 8. HP: 34/44 MP: 5/18
  7209 | D:6      | Reached skill level 5 in Dodging
  7323 | D:6      | Learned a level 5 spell: Iskenderun's Battlesphere
  7531 | D:6      | Reached skill level 1 in Charms
  7929 | D:5      | Found a deep blue altar of Sif Muna.
  7929 | D:5      | Found a sparkling altar of Nemelex Xobeh.
  7932 | D:5      | Found a shimmering altar of Xom.
  7936 | D:5      | Became a worshipper of Vehumet
  8655 | D:7      | Reached skill level 5 in Stealth
  8655 | D:7      | Reached XP level 9. HP: 49/49 MP: 21/21
  9718 | D:8      | Reached * piety under Vehumet
  9718 | D:8      | Offered knowledge of Flame Tongue by Vehumet.
  9805 | D:8      | Learned a level 1 spell: Flame Tongue
 10696 | D:8      | Reached skill level 1 in Fire Magic
 10911 | D:9      | Offered knowledge of Sandblast by Vehumet.
 10915 | D:9      | Reached ** piety under Vehumet
 10933 | D:9      | Learned a level 1 spell: Sandblast
 11099 | D:9      | Found a staircase to the Lair.
 11148 | D:9      | Noticed a hill giant
 11161 | D:9      | Slain by a hill giant

Vault maps used:
D:1:      minmay_arrival_doors
D:2:      okawaru_ov_weapons_minmay, uniq_robin
D:3:      makhleb_heckhound_becter, first_bread, ecumenical_altar_1,
          gup_sewer_entry_spiral, uniq_crazy_yiuf_cottage
D:4:      grunt_decor_one_mirror
D:5:      nicolae_overflow_hidden_temple, temple_doors_e, serial_glass,
          glass_columns_b, glass_columns_a
D:6:      serial_shops, shop, uniq_eustachio
D:7:      the_bakery
D:9:      grunt_lair_entry_orc_guard_hut, orc_0_dummy
Temple:   minmay_temple_curvy_14

Skill      XL: |  1  2  3  4  5  6  7  8  9 |
---------------+----------------------------+-----
Armour         | 1 2 3 |  3.0
Conjurations   | 5 6 7 |  7.3
Hexes          | 1 2 3 4 |  4.4
Dodging        | 3 4 5 7 |  7.2
Fighting       | 1 2 3 |  3.2
Stealth        | 3 4 5 |  5.8
Shields        | 1 2 3 |  3.0
Spellcasting   | 4 5 6 7 |  7.8
Short Blades   | 1 2 3 |  3.3
Evocations     | 1 2 3 |  3.0
Charms         | 2 3 |  3.9
Fire Magic     | 1 |  1.8
Earth Magic    | |  0.2

Action                   |  1- 3 |  4- 6 |  7- 9 || total
-------------------------+-------+-------+-------++-------
Melee: Unarmed           |     1 |       |       ||     1
       Short sword       |     7 |    78 |     1 ||    86
       Rapier            |       |       |   234 ||   234
 Cast: Magic Dart        |    79 |   142 |   152 ||   373
       Dazzling Spray    |     1 |    15 |    54 ||    70
       Searing Ray       |       |     1 |     1 ||     2
       Fulminant Prism   |       |       |     5 ||     5
Evoke: Wand              |       |       |     1 ||     1
  Use: Scroll            |     3 |     7 |    10 ||    20
       Potion            |       |     2 |     3 ||     5
 Stab: Sleeping          |     3 |     4 |     9 ||    16
       Invisible         |       |     1 |    11 ||    12
  Eat: Chunk             |     3 |     9 |     7 ||    19
       Royal jelly       |       |     1 |     1 ||     2
       Beef jerky        |       |     1 |     1 ||     2
       Pizza             |       |     1 |       ||     1
       Meat ration       |       |       |     1 ||     1
       Bread ration      |       |       |     2 ||     2
